 Dungeon Crawl Stone Soup version 0.18.1-47-g9310371 (webtiles) character file.

2363 therealfakemoot the Cruncher (level 9, -1/51 HPs)
             Began as a Gargoyle Fighter on June 21, 2016.
             Was a Follower of Qazlal.
             Slain by a sky beast (2 damage)
             ... on level 7 of the Dungeon on June 22, 2016.
             The game lasted 00:27:42 (6181 turns).

therealfakemoot the Cruncher (Gargoyle Fighter)     Turns: 6181, Time: 00:27:42

Health: -1/51      AC: 13    Str: 24    XL:     9   Next: 44%
Magic:  9/9        EV:  9    Int:  5    God:    Qazlal [*.....]
Gold:   275        SH:  1    Dex:  9    Spells: 0 memorised, 8 levels left

rFire  . . .     SeeInvis .     a - +0 quarterstaff
rCold  . . .     Gourm    .     b - +0 scale mail
rNeg   + . .     Faith    .     (shield currently unavailable)
rPois  ∞         Spirit   .     (no helmet)
rElec  +         Dismiss  .     (no cloak)
rCorr  .         Reflect  .     q - +0 pair of gloves
SustAt .         Harm     .     (no boots)
MR     .....                    (no amulet)
Stlth  ..........               (no ring)
                                l - -3 ring of intelligence

@: very slightly contaminated, hasted, very quick, not resistant to hostile
enchantments, extremely unstealthy
A: negative energy resistance 1, electricity resistance, unbreathing,
petrification resistance, rot immunity, AC +5
a: Renounce Religion


You were on level 7 of the Dungeon.
You worshipped Qazlal.
Qazlal was aware of your devotion.
You were not hungry.

You visited 1 branch of the dungeon, and saw 7 of its levels.
You also visited: Sewer.

You collected 275 gold pieces.

Inventory:

Hand Weapons
 a - a +0 quarterstaff (weapon)
 o - a +0 flail
Armour
 b - a +0 scale mail (worn)
 q - a +0 pair of gloves (worn)
 x - a +0 cloak
Jewellery
 h - an uncursed ring of fire {unknown}
 l - a -3 ring of intelligence (left hand)
 z - a cursed ring of loudness {unknown}
Scrolls
 c - a scroll of noise {unknown}
 d - 2 scrolls of identify
 g - a scroll of magic mapping
 i - 2 scrolls of remove curse
 k - a scroll of amnesia
 n - 2 scrolls of enchant weapon
 v - 3 scrolls of enchant armour {unknown}
 w - a scroll of fog {unknown}
 y - a scroll of random uselessness {unknown}
Potions
 e - a potion of cure mutation
 j - a potion of haste
 p - 3 potions of agility
 r - a potion of flight {unknown}
 s - 2 potions of curing {unknown}
 t - 2 potions of ambrosia {unknown}
 u - a potion of lignification {unknown}
 B - a potion of magic {unknown}
Comestibles
 f - 5 bread rations
 m - 3 meat rations
 A - 4 chunks of flesh


   Skills:
 - Level 3.2 Fighting
 - Level 7.3(9.7) Maces & Flails
 + Level 10.1(11.0) Staves
 - Level 3.2 Armour
   Level 3.2 Shields


You had 8 spell levels left.
You didn't know any spells.

Dungeon Overview and Level Annotations

Branches:
Dungeon (7/15)             Temple (0/1) D:6

Altars:
Dithmenos
Elyvilon
Makhleb
Nemelex Xobeh
Qazlal
Trog
Vehumet
Yredelemnul
The Shining One

Shops:
D:6 *


Innate Abilities, Weirdness & Mutations

You are resistant to torment.
Your stone body is resilient (AC +5).
You are immune to poison.
You resist negative energy.
You are resistant to electric shocks.
You can survive without breathing.
You are immune to petrification.
You are immune to rotting.


Message History

You hit Joseph.
Joseph is severely wounded.
You barely miss Joseph.
Joseph is severely wounded.
Joseph says, "It's nothing personal, but I have to kill you."
Joseph hits you but does no damage.
You thump Joseph!
Joseph is severely wounded.
You sock Joseph!
Joseph is almost dead.
Joseph barely misses you.
You hit Joseph.
You kill Joseph!
Qazlal accepts your kill.
Your base Staves skill increases to level 10!
You miss something. You hit something. Something hits you.
* * * LOW HITPOINT WARNING * * *
Something shocks you. You resist.
You die...

.. ###. .
#..% .. #..
... ... ....
#.##.....
#).......
#{# #@#
###########.
#(#
#..)<.......
########(#
#...........
#.<......#
#......)....
#....(...#
#...........
#.†......#
#...........
#........#
#..?.......#
#........#
#.>r.......#
#........#
#..........#


There were no monsters in sight!

Vanquished Creatures
  Joseph (D:7)
  A black bear (D:6)
  3 ogres
  An ice beast (D:5)
  A centaur (D:5)
  3 giant frogs
  A gnoll sergeant (D:6)
  7 scorpions
  4 wights (D:6)
  2 howler monkeys
  2 crimson imps (D:5)
  7 hounds
  Terence (D:2)
  3 worker ants
  A hound zombie (D:5)
  A worker ant zombie (D:6)
  5 gnolls (D:6)
  2 river rats (D:3)
  8 adders
  3 shadow imps
  An ooze (D:3)
  3 worms
  2 dart slugs
  5 giant geckos
  7 orcs
  8 giant cockroaches
  3 goblins
  6 hobgoblins
  9 jackals
  3 quokkas
  4 ball pythons (Sewer)
  12 bats
  A giant gecko skeleton (D:4)
  9 giant newts
  7 kobolds
  A quokka skeleton (D:4)
  6 rats
144 creatures vanquished.

Vanquished Creatures (others)
  A yak (D:7)
1 creature vanquished.

Grand Total: 145 creatures vanquished

Notes
Turn   | Place    | Note
--------------------------------------------------------------
     0 | D:1      | therealfakemoot the Gargoyle Fighter began the quest for the Orb.
     0 | D:1      | Reached XP level 1. HP: 14/14 MP: 1/1
   255 | D:1      | Reached XP level 2. HP: 19/19 MP: 2/2
   546 | D:1      | Reached XP level 3. HP: 23/23 MP: 3/3
  1048 | D:2      | Noticed Terence
  1078 | D:2      | Killed Terence
  1114 | D:2      | Reached XP level 4. HP: 28/28 MP: 4/4
  1631 | D:2      | Found a bloodstained altar of Trog.
  2074 | D:3      | Reached skill level 5 in Maces & Flails
  2074 | D:3      | Reached XP level 5. HP: 29/32 MP: 5/5
  2094 | D:3      | Found a glowing drain.
  2123 | Sewer    | Entered a sewer
  2389 | Sewer    | Reached XP level 6. HP: 28/37 MP: 6/6
  2731 | D:4      | Reached XP level 7. HP: 36/41 MP: 7/7
  2778 | D:4      | Reached skill level 1 in Staves
  2881 | D:4      | Reached skill level 2 in Staves
  2935 | D:4      | Found a stormy altar of Qazlal.
  2935 | D:4      | Found a glowing golden altar of the Shining One.
  2935 | D:4      | Found a basalt altar of Yredelemnul.
  2941 | D:4      | Became a worshipper of Qazlal Stormbringer
  3113 | D:4      | Found a sparkling altar of Nemelex Xobeh.
  3245 | D:4      | Reached skill level 3 in Staves
  3372 | D:5      | Entered Level 5 of the Dungeon
  3563 | D:5      | Reached skill level 4 in Staves
  3634 | D:5      | Reached skill level 5 in Staves
  3634 | D:5      | Reached XP level 8. HP: 17/46 MP: 8/8
  3837 | D:5      | Found a white marble altar of Elyvilon.
  3887 | D:5      | Found a white marble altar of Elyvilon.
  4243 | D:5      | Reached skill level 6 in Staves
  4340 | D:5      | Found a radiant altar of Vehumet.
  4341 | D:5      | Found a burning altar of Makhleb.
  4790 | D:5      | Reached skill level 7 in Staves
  4901 | D:6      | Found a shadowy altar of Dithmenos.
  4921 | D:6      | Found a staircase to the Ecumenical Temple.
  4950 | D:6      | Reached skill level 8 in Staves
  5166 | D:6      | Reached XP level 9. HP: 30/51 MP: 9/9
  5174 | D:6      | Reached * piety under Qazlal
  5633 | D:6      | Reached skill level 9 in Staves
  5707 | D:6      | Found Woont's General Store.
  6142 | D:7      | Noticed Joseph
  6174 | D:7      | HP: 2/51 [Joseph/uncursed quarterstaff (2)]
  6179 | D:7      | Killed Joseph
  6179 | D:7      | Reached skill level 10 in Staves
  6181 | D:7      | HP: 1/51 [something (2)]
  6181 | D:7      | Slain by a sky beast

Skill      XL: |  1  2  3  4  5  6  7  8  9 |
---------------+----------------------------+-----
Maces & Flails | 3 4 5 6 7 |  7.3
Staves         | 5 8 10 | 10.1
Fighting       | |  3.2
Armour         | |  3.2
Shields        | |  3.2

Action                   |  1- 3 |  4- 6 |  7- 9 || total
-------------------------+-------+-------+-------++-------
Melee: Flail             |   103 |   195 |       ||   298
       Quarterstaff      |       |    10 |   327 ||   337
  Use: Scroll            |       |     4 |     3 ||     7
       Potion            |       |     1 |     2 ||     3
  Eat: Bread ration      |     1 |       |     1 ||     2
       Chunk             |       |     1 |     8 ||     9
       Beef jerky        |       |     1 |     1 ||     2
Armor: Scale mail        |    90 |   146 |   146 ||   382
Dodge: Dodged            |    41 |    95 |   133 ||   269
Block: Shield            |    70 |   119 |       ||   189
       Other             |       |       |     1 ||     1
